 Dungeon Sprint DCSS version 0.21-a0-634-gaf8bc5d (webtiles) character file.

10034 Kidiri the Eclecticist (level 11, -2/66 HPs)
             Began as a Deep Elf Fire Elementalist on Dec 6, 2017.
             Was the Champion of Vehumet.
             Slain by an eight-headed hydra (15 damage)
             ... in the Dungeon (Sprint III: "The Ten Rune Challenge") on Dec 29, 2017.
             The game lasted 00:19:03 (3081 turns).

Kidiri the Eclecticist (Deep Elf Fire Elementalist) Turns: 3081, Time: 00:19:04

Health: -2/66      AC:  3    Str:  5    XL:     11   Next: 30%
Magic:  25/36      EV: 17    Int: 24    God:    Vehumet [******]
Gold:   29         SH:  0    Dex: 15    Spells: 18/48 levels left

rFire    . . .     SeeInvis .   t - +0 long sword (holy)
rCold    . . .     Gourm    .   (no shield)
rNeg     . . .     Faith    .   u - +0 leather armour
rPois    .         Spirit   .   (no helmet)
rElec    .         Reflect  .   (no cloak)
rCorr    .         Harm     .   (no gloves)
MR       +....     NoTele   +   (no boots)
Stlth    +.........             (no amulet)
HPRegen  0.21/turn              (no ring)
MPRegen  0.25/turn              (no ring)

@: hasted, slow
A: no striking features
a: Renounce Religion


You were in the Dungeon.
You worshipped Vehumet.
Vehumet was exalted by your worship.
You were hungry.

You visited 1 branch You collected 29 gold pieces.

Inventory:

Hand Weapons
 j - a +0 dagger
 t - a +0 long sword of holy wrath (weapon)
Armour
 u - a +0 leather armour (worn)
Wands
 v - a wand of enslavement (14)
Scrolls
 l - a scroll of torment {unknown}
 m - 2 scrolls of identify {unknown}
 n - 3 scrolls of remove curse
 q - a scroll of immolation {unknown}
Potions
 g - a potion of magic
 h - a potion of berserk rage
 k - 4 potions of mutation {unknown}
 p - 4 potions of flight
Comestibles
 c - 25 rations
 s - a ration


   Skills:
 + Level 6.5 Fighting
 + Level 7.7 Short Blades
 + Level 6.4 Armour
 + Level 9.9 Dodging
 - Level 2.4 Stealth
 * Level 19.4 Spellcasting
 + Level 12.3 Conjurations
 + Level 12.7 Fire Magic
 + Level 4.2 Air Magic
 + Level 5.7 Poison Magic


You had 18 spell levels left.
You knew the following spells:

 Your Spells              Type           Power        Failure   Level  Hunger
a - Flame Tongue          Conj/Fire      #####        0%          1    None
b - Throw Flame           Conj/Fire      ######       1%          2    None
c - Conjure Flame         Conj/Fire      ######..     1%          3    None
d - Inner Flame           Hex/Fire       ######..     1%          3    None
e - Sticky Flame          Conj/Fire      ######..     1%          4    None
f - Fireball              Conj/Fire      ######....   1%          5    None
g - Ignite Poison         Fire/Tmut/Pois ######..     1%          3    None
h - Airstrike             Air            #####.....   1%          4    None
i - Lightning Bolt        Conj/Air       ######....   1%          5    None


Dungeon Overview and Level Annotations

Branches:
Dungeon (1/1)

Altars:
Cheibriados
Dithmenos
Elyvilon
Fedhas
Gozag
Hepliaklqana
Kikubaaqudgha
Makhleb
Nemelex Xobeh
Okawaru
Qazlal
Ru
Sif Muna
Trog
Uskayaw
Vehumet
Wu Jian
Xom
Yredelemnul
Zin
The Shining One
Beogh
Jiyva
Lugonu

Annotations:
D exclusion: 2 doors, Donald, Frances


Message History

You hear a mighty clap of thunder!
The bolt of lightning hits the eight-headed hydra.
The eight-headed hydra is almost dead.
The bolt of lightning hits the death drake.
You kill the death drake!
Vehumet accepts your kill.
Vehumet offers you knowledge of Venom Bolt.
You feel your power returning.
Your Air Magic skill increases to level 4!
The eight-headed hydra bites you!
The eight-headed hydra barely misses you.
The eight-headed hydra closely misses you.
The eight-headed hydra bites you! x3
* * * LOW HITPOINT WARNING * * *
The eight-headed hydra misses you. x2
Unknown command.
Okay, then.
Unknown command.
You feel yourself speed up. The eight-headed hydra bites you!
You die...

.#___#__+...#.#§.§#...#...##.#.#.
▓▓▓▓▓▓▓▓▓▓▓▓▓▓▓▓▓▓▓▓▓▓▓▓▓▓#.#.#.#
♣♣≈≈≈........≈≈≈...##.#.#.
+♣♣'♣≈≈≈≈≈≈≈≈≈≈≈≈♣♣P.'.#.#.#
#.≈♣♣♣♣♣♣♣♣♣♣♣♣♣♣♣♣PP##.#.#.
#..♣♣ ♣♣♣##+####
###'♣♣♣♣♣♣♣♣♣♣♣♣♣♣♣ ...
♣♣♣♣.##..##≈≈≈≈≈≈..# #...#
♣..%##.##.#≈@≈≈≈...# #@.@#
♣♣.##)##.##'D≈≈≈§### #####
♣..#.##...#≈≈...§§§
♣♣.##.##..#≈..+####
♣♣%##.#####...# ♣.....# ....#
####### #####


You could see an eight-headed hydra.

Vanquished Creatures
  Snorg (D)
  A hydra (D)
  A centaur warrior (D)
  Urug (D)
  A death drake (D)
  2 unseen horrors (D)
  A lindwurm (D)
  A deep elf mage (D)
  2 spiny frogs (D)
  A komodo dragon (D)
  3 wandering mushrooms (D)
  2 tyrant leeches (D)
  A queen bee (D)
  3 redbacks (D)
  A shadow (D)
  A spatial vortex (D)
  A necrophage (D)
  2 centaurs (D)
  A water elemental (D)
  29 killer bees (D)
  An electric eel (D)
  A jelly (D)
  A wizard (D)
  A necromancer (D)
  3 humans (D)
  A kobold demonologist (D)
  An ooze (D)
  A phantom (D)
  3 rats (D)
69 creatures vanquished.

Vanquished Creatures (collateral kills)
  A killer bee (D)
1 creature vanquished.

Vanquished Creatures (others)
  2 draconian scorchers (D)
  A hydra (D)
  2 yaktaurs (D)
  6 hellions (D)
  2 killer bees (D)
  7 plants (D)
20 creatures vanquished.

Grand Total: 90 creatures vanquished

Notes
Turn   | Place    | Note
-------+----------+-------------------------------------------
     0 | D        | Kidiri the Deep Elf Fire Elementalist began the quest for the Orb.
     0 | D        | Reached XP level 1. HP: 10/10 MP: 6/6
    11 | D        | Reached skill level 4 in Spellcasting
    83 | D        | Killed a hellion
    84 | D        | Killed a yaktaur
   109 | D        | Killed a hellion
   114 | D        | Killed a hellion
   154 | D        | Reached skill level 5 in Spellcasting
   154 | D        | Reached XP level 2. HP: 15/15 MP: 7/10
   158 | D        | Learned a level 2 spell: Throw Flame
   165 | D        | Killed a hellion
   176 | D        | Killed a hellion
   176 | D        | Killed a hellion
   192 | D        | Reached skill level 6 in Spellcasting
   192 | D        | Reached XP level 3. HP: 11/19 MP: 2/12
   197 | D        | Learned a level 3 spell: Conjure Flame
   201 | D        | Learned a level 3 spell: Inner Flame
   234 | D        | Killed a white draconian scorcher
   249 | D        | Killed a white draconian scorcher
   365 | D        | Noticed a water elemental
   368 | D        | Killed a water elemental
   368 | D        | Reached skill level 8 in Spellcasting
   368 | D        | Reached skill level 5 in Fire Magic
   368 | D        | Reached XP level 4. HP: 24/24 MP: 9/16
   382 | D        | Learned a level 4 spell: Sticky Flame
   393 | D        | Killed a six-headed hydra
   413 | D        | Found a radiant altar of Vehumet.
   414 | D        | Found a deep blue altar of Sif Muna.
   414 | D        | Found an ancient bone altar of Kikubaaqudgha.
   414 | D        | Noticed a wizard
   417 | D        | Killed a wizard
   417 | D        | Reached skill level 9 in Spellcasting
   417 | D        | Reached skill level 5 in Conjurations
   427 | D        | Became a worshipper of Vehumet
   483 | D        | Found a glowing silver altar of Zin.
   484 | D        | Found a glowing golden altar of the Shining One.
   484 | D        | Found a white marble altar of Elyvilon.
   484 | D        | Noticed a deep elf mage
   493 | D        | Killed a deep elf mage
   493 | D        | Reached skill level 13 in Spellcasting
   493 | D        | Reached XP level 5. HP: 26/28 MP: 13/23
   493 | D        | Reached XP level 6. HP: 30/32 MP: 13/24
   493 | D        | Reached XP level 7. HP: 34/36 MP: 14/26
   509 | D        | Learned a level 5 spell: Fireball
   555 | D        | Found an ornate altar of the Wu Jian Council.
   555 | D        | Found a roughly hewn altar of Beogh.
   555 | D        | Found an iron altar of Okawaru.
   555 | D        | Found a bloodstained altar of Trog.
   555 | D        | Found a hide-covered altar of Uskayaw.
   555 | D        | Noticed a human
   555 | D        | Noticed a human
   562 | D        | Killed a human
   562 | D        | Reached skill level 14 in Spellcasting
   569 | D        | Killed a human
   569 | D        | Reached * piety under Vehumet
   569 | D        | Offered knowledge of Sandblast by Vehumet.
   665 | D        | Found a basalt altar of Yredelemnul.
   665 | D        | Found a shadowy altar of Dithmenos.
   665 | D        | Found a sacrificial altar of Ru.
   678 | D        | Reached skill level 15 in Spellcasting
   818 | D        | Noticed a shadow
   821 | D        | Killed a shadow
   821 | D        | Offered knowledge of Shock by Vehumet.
   821 | D        | Reached ** piety under Vehumet
   821 | D        | Reached skill level 1 in Fighting
   821 | D        | Reached skill level 1 in Short Blades
   821 | D        | Reached skill level 1 in Armour
   821 | D        | Reached skill level 10 in Fire Magic
   821 | D        | Reached XP level 8. HP: 43/43 MP: 21/29
   866 | D        | Found a blossoming altar of Fedhas.
   866 | D        | Found a stormy altar of Qazlal.
   866 | D        | Found a snail-covered altar of Cheibriados.
   866 | D        | Found a burning altar of Makhleb.
   866 | D        | Found a shimmering altar of Xom.
   868 | D        | Found a hazy altar of Hepliaklqana.
   868 | D        | Found an opulent altar of Gozag.
   868 | D        | Found a sparkling altar of Nemelex Xobeh.
   868 | D        | Found a corrupted altar of Lugonu.
   868 | D        | Found a viscous altar of Jiyva.
   946 | D        | Noticed Snorg
   951 | D        | Killed Snorg
   951 | D        | Reached skill level 5 in Dodging
   951 | D        | Reached skill level 16 in Spellcasting
   951 | D        | Reached skill level 10 in Conjurations
   951 | D        | Reached XP level 9. HP: 50/50 MP: 14/31
  1040 | D        | Noticed a centaur warrior
  1041 | D        | Offered knowledge of Static Discharge by Vehumet.
  1041 | D        | Reached *** piety under Vehumet
  1043 | D        | Killed a centaur warrior
  1043 | D        | Reached skill level 17 in Spellcasting
  1103 | D        | Noticed an unseen horror
  1106 | D        | Killed an unseen horror
  1106 | D        | Reached skill level 5 in Short Blades
  1311 | D        | Noticed an unseen horror
  1319 | D        | Killed an unseen horror
  1319 | D        | Offered knowledge of Ignite Poison by Vehumet.
  1319 | D        | Reached **** piety under Vehumet
  1325 | D        | Learned a level 3 spell: Ignite Poison
  1604 | D        | Noticed a queen bee
  1606 | D        | Offered knowledge of Lightning Bolt by Vehumet.
  1608 | D        | Reached XP level 10. HP: 58/58 MP: 26/33
  1617 | D        | Reached ***** piety under Vehumet
  1617 | D        | Reached skill level 1 in Poison Magic
  1627 | D        | Reached skill level 5 in Fighting
  1627 | D        | Reached ****** piety under Vehumet
  1627 | D        | Reached skill level 5 in Armour
  1628 | D        | Reached skill level 18 in Spellcasting
  1995 | D        | Learned a level 5 spell: Lightning Bolt
  2003 | D        | Offered knowledge of Airstrike by Vehumet.
  2009 | D        | Learned a level 4 spell: Airstrike
  2049 | D        | Reached skill level 1 in Air Magic
  2262 | D        | Upgraded the game from 0.21-a0-522-ga8338f0 to 0.21-a0-552-g593960d
  2262 | D        | Upgraded the game from 0.21-a0-552-g593960d to 0.21-a0-578-gc6e9d75
  2262 | D        | Upgraded the game from 0.21-a0-578-gc6e9d75 to 0.21-a0-582-g1b93aee
  2262 | D        | Upgraded the game from 0.21-a0-582-g1b93aee to 0.21-a0-633-g4c047d5
  2262 | D        | Upgraded the game from 0.21-a0-633-g4c047d5 to 0.21-a0-634-gaf8bc5d
  2262 | D        | Noticed a spiny frog
  2262 | D        | Noticed a spiny frog
  2264 | D        | Killed a spiny frog
  2264 | D        | Killed a spiny frog
  2579 | D        | Noticed Donald
  2579 | D        | Noticed Frances
  2656 | D        | Offered knowledge of Force Lance by Vehumet.
  2761 | D        | Noticed a lindwurm
  2761 | D        | Killed a lindwurm
  2761 | D        | Reached skill level 19 in Spellcasting
  2761 | D        | Reached XP level 11. HP: 38/64 MP: 29/36
  2894 | D        | Noticed Urug
  2903 | D        | Killed Urug
  2903 | D        | Reached skill level 5 in Poison Magic
  2987 | D        | Noticed an eight-headed hydra
  2988 | D        | Noticed a five-headed hydra
  3006 | D        | Killed a five-headed hydra
  3078 | D        | Noticed a death drake
  3080 | D        | Killed a death drake
  3080 | D        | Offered knowledge of Venom Bolt by Vehumet.
  3081 | D        | Slain by an eight-headed hydra

Vault maps used:
D:        dungeon_sprint_mu

Skill      XL: |  1  2  3  4  5  6  7  8  9 10 11 |
---------------+----------------------------------+-----
Spellcasting   | 5 6 8 13 15 16 17 19 | 19.4
Conjurations   | 2 3 4 8 9 10 11 12 | 12.3
Fire Magic     | 4 5 9 10 11 12 | 12.7
Fighting       | 1 3 4 6 |  6.5
Short Blades   | 1 3 5 7 |  7.7
Armour         | 1 3 4 6 |  6.4
Dodging        | 3 5 7 9 |  9.9
Poison Magic   | 4 5 |  5.7
Air Magic      | 3 4 |  4.2
Stealth        | |  2.4

Action                   |  1- 3 |  4- 6 |  7- 9 | 10-12 || total
-------------------------+-------+-------+-------+-------++-------
Melee: Long sword        |       |       |     4 |     7 ||    11
 Cast: Flame Tongue      |    19 |     2 |    44 |    81 ||   146
       Conjure Flame     |     1 |       |     5 |    13 ||    19
       Sticky Flame      |       |     3 |    10 |     9 ||    22
       Inner Flame       |       |       |     3 |    10 ||    13
       Fireball          |       |       |     6 |       ||     6
       Airstrike         |       |       |       |     4 ||     4
       Lightning Bolt    |       |       |       |     7 ||     7
       Throw Flame       |       |       |       |     1 ||     1
Evoke: Wand              |       |       |       |     5 ||     5
  Use: Potion            |       |       |     1 |     4 ||     5
       Scroll            |       |       |       |     1 ||     1
 Stab: Distracted        |       |       |       |     1 ||     1
  Eat: Buggy fruit       |       |       |     4 |       ||     4
       Chunk             |       |       |     1 |     2 ||     3
Armor: Robe              |     2 |       |       |       ||     2
       Leather armour    |       |       |     1 |       ||     1
Dodge: Dodged            |     4 |       |    13 |    37 ||    54
       Rpst.: Long sword |       |       |     2 |     8 ||    10

Table legend:
 A = Spawn XP
 B = Non-spawn XP
 C = Spawn XP percentage of total XP
 D = Spawn monster count
 E = Non-spawn monster count
 F = Spawn count percentage of total count
 G = Total turns spent on level
                    A         B        C        D         E        F      G
               +---------+---------+-------+---------+---------+-------+---------
         Total |       0 |   14335 |   0.0 |       0 |      71 |   0.0 |  3081
               +---------+---------+-------+---------+---------+-------+---------
             D |       0 |   14335 |   0.0 |       0 |      71 |   0.0 |  3081
               +---------+---------+-------+---------+---------+-------+---------
